| TOP OF THE 1ST |
|
Joplin Blasters batting - Pitching for Palm Beach Nationals : LHP Gregg Huddleston
|
|
Pitching: LHP Gregg Huddleston
|
|
|
Batting: RHB Matt Belgard
|
0-0: Ball 1-0: Swinging Strike 1-1: Called Strike 1-2: Ball 2-2: Strikes out swinging
|
|
Batting: RHB Dave Saldana
|
0-0: Called Strike 0-1: Ball 1-1: Foul Ball, location: 2F 1-2: Foul Ball, location: 2F 1-2: Ball 2-2: Foul Ball, location: 2F 2-2: Ball 3-2: Foul Ball, location: 2F 3-2: Fly out, F7 (Line Drive, 7, EV 106.9 MPH)
|
|
Batting: LHB David Bearden
|
0-0: Called Strike 0-1: Ball 1-1: Ball 2-1: Ball 3-1: Base on Balls
|
|
Batting: SHB Sean Hill
|
0-0: Ball 1-0: Foul Ball, location: 2F 1-1: Ball 2-1: Foul Ball, location: 2F 2-2: Ground out 2-3 (Groundball, 2L, EV 61.9 MPH)
|
| Top of the 1st over - 0 runs, 0 hits, 0 errors, 1 left on base; Joplin 0 - Palm Beach 0 |
| BOTTOM OF THE 1ST |
|
Palm Beach Nationals batting - Pitching for Joplin Blasters : RHP Mike Galvin
|
|
Pitching: RHP Mike Galvin
|
|
|
Batting: RHB Bobby Bricker
|
0-0: Ball 1-0: Swinging Strike 1-1: Foul Ball, location: 2F 1-2: Foul Ball, location: 2F 1-2: Foul Ball, location: 2F 1-2: Ball 2-2: Ball 3-2: Hit by Pitch
|
|
Batting: RHB Victor Cintron
|
0-0: SINGLE (Groundball, 34, EV 105.0 MPH) (infield hit) Bobby Bricker to second
|
|
Batting: LHB Chance McWilliams
|
0-0: Foul Ball, location: 2F 0-1: Ball 1-1: Foul Ball, location: 2F 1-2: Ball Wild Pitch! Bobby Bricker to third Victor Cintron to second 2-2: Ball 3-2: Base on Balls
|
|
Batting: RHB Gabe Almazan
|
0-0: Called Strike 0-1: Ball 1-1: SINGLE (Groundball, 56D, EV 107.5 MPH) Bobby Bricker scores Victor Cintron to third Chance McWilliams to second
|
|
Batting: RHB Chad Madsen
|
0-0: Reached on error, E6 (Groundball, 6, EV 100.6 MPH) Victor Cintron scores Chance McWilliams to third Gabe Almazan to second
|
|
Batting: RHB Antonio Vallez
|
0-0: Fly out, F7 (Flyball, 7LS, EV 89.4 MPH)
|
|
Batting: RHB Justin Van Houten
|
0-0: Ball 1-0: Ball 2-0: Ball 3-0: Called Strike 3-1: Base on Balls Chance McWilliams scores Gabe Almazan to third Chad Madsen to second
|
|
Batting: RHB Scott Merritt
|
0-0: Ball 1-0: Ball 2-0: Foul Ball, location: 2F 2-1: SINGLE (Line Drive, 89M, EV 88.1 MPH) Gabe Almazan scores Chad Madsen to third Justin Van Houten to second
|
|
Batting: RHB Dave Burwell
|
0-0: Ball 1-0: Foul Ball, location: 2F 1-1: Fly out, F7 (Flyball, 7D, EV 85.0 MPH) Runner from 3rd tags up, SCORES, no throw by LF
|
|
Batting: RHB Bobby Bricker
|
0-0: Fly out, F7 (Flyball, 7LM, EV 85.0 MPH)
|
| Bottom of the 1st over - 5 runs, 3 hits, 1 error, 2 left on base; Joplin 0 - Palm Beach 5 |
| TOP OF THE 2ND |
|
Joplin Blasters batting - Pitching for Palm Beach Nationals : LHP Gregg Huddleston
|
|
Batting: RHB Justin Goff
|
0-0: Called Strike 0-1: SINGLE (Flyball, 34D, EV 91.2 MPH)
|
|
Batting: LHB Joe Cozart
|
0-0: Foul Ball, location: 2F 0-1: Called Strike 0-2: Grounds into double play, 4-6-3 (Groundball, 4, EV 85.6 MPH)
|
|
Batting: LHB Josh Dalton
|
0-0: Called Strike 0-1: Fly out, F8 (Line Drive, 8RD, EV 85.6 MPH)
|
| Top of the 2nd over - 0 runs, 1 hit, 0 errors, 0 left on base; Joplin 0 - Palm Beach 5 |
| BOTTOM OF THE 2ND |
|
Palm Beach Nationals batting - Pitching for Joplin Blasters : RHP Mike Galvin
|
|
Batting: RHB Victor Cintron
|
0-0: Called Strike 0-1: Ball 1-1: Ball 2-1: Foul Ball, location: 2F 2-2: Ball 3-2: Fly out, F7 (Flyball, 7S, EV 75.0 MPH)
|
|
Pitching: LHP Tyler Abraham
|
|
|
Batting: LHB Chance McWilliams
|
0-0: Swinging Strike 0-1: Ball 1-1: Ball 2-1: Called Strike 2-2: Fly out, F4 (Popup, 4D, EV 43.8 MPH)
|
|
Batting: RHB Gabe Almazan
|
0-0: SINGLE (Groundball, 4, EV 94.4 MPH)
|
|
Batting: RHB Chad Madsen
|
0-0: Called Strike 0-1: Ground out 6-3 (Groundball, 6S, EV 90.6 MPH)
|
| Bottom of the 2nd over - 0 runs, 1 hit, 0 errors, 1 left on base; Joplin 0 - Palm Beach 5 |
| TOP OF THE 3RD |
|
Joplin Blasters batting - Pitching for Palm Beach Nationals : LHP Gregg Huddleston
|
|
Batting: RHB Edwin Ramos
|
0-0: Called Strike 0-1: Ball 1-1: Swinging Strike 1-2: Strikes out swinging
|
|
Batting: RHB Jason Birge
|
0-0: Ball 1-0: Ball 2-0: Fly out, F8 (Flyball, 78XD, EV 96.2 MPH)
|
|
Batting: RHB Matt Belgard
|
0-0: Ball 1-0: Ball 2-0: Foul Ball, location: 2F 2-1: Ball 3-1: Base on Balls
|
|
Batting: RHB Dave Saldana
|
0-0: Fly out, F8 (Flyball, 78S, EV 85.0 MPH)
|
| Top of the 3rd over - 0 runs, 0 hits, 0 errors, 1 left on base; Joplin 0 - Palm Beach 5 |
| BOTTOM OF THE 3RD |
|
Palm Beach Nationals batting - Pitching for Joplin Blasters : LHP Tyler Abraham
|
|
Batting: RHB Antonio Vallez
|
0-0: Foul Ball, location: 2F 0-1: Ball 1-1: Ball 2-1: Swinging Strike 2-2: Foul Ball, location: 2F 2-2: Foul Ball, location: 2F 2-2: Ball 3-2: Reaches on Catchers interference
|
|
Batting: RHB Justin Van Houten
|
0-0: Ball 1-0: Ball 2-0: Ball 3-0: Base on Balls Antonio Vallez to second
|
|
Batting: RHB Scott Merritt
|
0-0: Ball 1-0: Ball 2-0: Swinging Strike 2-1: Swinging Strike 2-2: Foul Ball, location: 2F 2-2: Ball 3-2: Strikes out swinging
|
|
Batting: RHB Dave Burwell
|
0-0: Fly out, F7 (Flyball, 7LS, EV 87.5 MPH)
|
|
Batting: RHB Bobby Bricker
|
0-0: Called Strike 0-1: Ball 1-1: Foul Ball, location: 2F 1-2: Foul Ball, location: 2F 1-2: Fielders Choice at 2nd, 6-4 (Groundball, 6, EV 85.0 MPH)
|
| Bottom of the 3rd over - 0 runs, 0 hits, 1 error, 2 left on base; Joplin 0 - Palm Beach 5 |
| TOP OF THE 4TH |
|
Joplin Blasters batting - Pitching for Palm Beach Nationals : LHP Gregg Huddleston
|
|
Batting: LHB David Bearden
|
0-0: Ball 1-0: Called Strike 1-1: Fly out, F8 (Flyball, 89D, EV 88.8 MPH)
|
|
Batting: SHB Sean Hill
|
0-0: Called Strike 0-1: Fly out, F9 (Flyball, 9, EV 96.2 MPH)
|
|
Batting: RHB Justin Goff
|
0-0: Ball 1-0: Ground out 6-3 (Groundball, 6, EV 83.8 MPH)
|
| Top of the 4th over - 0 runs, 0 hits, 0 errors, 0 left on base; Joplin 0 - Palm Beach 5 |
| BOTTOM OF THE 4TH |
|
Palm Beach Nationals batting - Pitching for Joplin Blasters : LHP Tyler Abraham
|
|
Batting: RHB Victor Cintron
|
0-0: Ball 1-0: Ball 2-0: Called Strike 2-1: Ball 3-1: Fly out, F9 (Flyball, 9D, EV 105.0 MPH)
|
|
Batting: LHB Chance McWilliams
|
0-0: Ground out 4-3 (Groundball, 4M, EV 78.8 MPH)
|
|
Batting: RHB Gabe Almazan
|
0-0: Ball 1-0: Swinging Strike 1-1: Ball 2-1: Swinging Strike 2-2: Ground out 6-3 (Groundball, 6, EV 105.6 MPH)
|
| Bottom of the 4th over - 0 runs, 0 hits, 0 errors, 0 left on base; Joplin 0 - Palm Beach 5 |
| TOP OF THE 5TH |
|
Joplin Blasters batting - Pitching for Palm Beach Nationals : LHP Gregg Huddleston
|
|
Batting: LHB Joe Cozart
|
0-0: Ball 1-0: Called Strike 1-1: SINGLE (Groundball, 34D, EV 96.2 MPH)
|
|
Batting: LHB Josh Dalton
|
0-0: Ball 1-0: Ball 2-0: Ball 3-0: Called Strike 3-1: Foul Ball, location: 2F 3-2: Base on Balls Joe Cozart to second
|
|
Batting: RHB Edwin Ramos
|
0-0: Ball 1-0: Ball 2-0: DOUBLE (Line Drive, 7LS, EV 90.6 MPH) Joe Cozart scores Josh Dalton to third
|
|
Batting: RHB Jason Birge
|
0-0: Ball 1-0: Ball 2-0: Ball 3-0: Base on Balls
|
|
Batting: RHB Matt Belgard
|
0-0: Ball 1-0: Foul Ball, location: 2F 1-1: Ball 2-1: Ball 3-1: Base on Balls Josh Dalton scores Edwin Ramos to third Jason Birge to second
|
|
Pitching: RHP Kiyonaga Nakamura
|
|
|
Batting: RHB Dave Saldana
|
0-0: Ball 1-0: Foul Ball, location: 2F 1-1: Ball 2-1: Foul Ball, location: 2F 2-2: Fly out, F9 (Flyball, 9LD, EV 103.1 MPH) Runner from 3rd tags up, SCORES, no throw by RF
|
|
Batting: LHB David Bearden
|
0-0: Called Strike 0-1: Called Strike 0-2: Ball 1-2: Grounds into double play, 4-6-3 (Groundball, 4, EV 79.4 MPH)
|
| Top of the 5th over - 3 runs, 2 hits, 0 errors, 1 left on base; Joplin 3 - Palm Beach 5 |
| BOTTOM OF THE 5TH |
|
Palm Beach Nationals batting - Pitching for Joplin Blasters : LHP Tyler Abraham
|
|
Pitching: RHP Bryan Kiefer
|
|
|
Batting: RHB Chad Madsen
|
0-0: Foul Ball, location: 2F 0-1: Ball 1-1: Ground out 4-3 (Groundball, 4M, EV 100.6 MPH)
|
|
Batting: RHB Antonio Vallez
|
0-0: Ground out 1-3 (Groundball, 15S, EV 61.2 MPH)
|
|
Batting: RHB Justin Van Houten
|
0-0: Called Strike 0-1: Ball 1-1: Swinging Strike 1-2: Ball 2-2: Ball 3-2: Strikes out swinging
|
| Bottom of the 5th over - 0 runs, 0 hits, 0 errors, 0 left on base; Joplin 3 - Palm Beach 5 |
| TOP OF THE 6TH |
|
Joplin Blasters batting - Pitching for Palm Beach Nationals : RHP Kiyonaga Nakamura
|
|
Batting: SHB Sean Hill
|
0-0: Ball 1-0: Ball 2-0: Called Strike 2-1: Ball 3-1: Base on Balls
|
|
Batting: RHB Justin Goff
|
0-0: Ball 1-0: Ball 2-0: SINGLE (Flyball, 6D, EV 93.8 MPH) Sean Hill to second
|
|
Batting: LHB Joe Cozart
|
0-0: Reached on error, E3 (Groundball, 34S, EV 83.1 MPH) Sean Hill to third Justin Goff to second
|
|
Batting: LHB Josh Dalton
|
0-0: Ball 1-0: Ball 2-0: Called Strike 2-1: Foul Ball, location: 2F 2-2: Fielders Choice at 2nd, 6-4 (Groundball, 56D, EV 96.2 MPH) Sean Hill scores Justin Goff to third
|
|
Batting: RHB Edwin Ramos
|
0-0: Foul Ball, location: 2F 0-1: Foul Ball, location: 2F 0-2: Foul Ball, location: 2F 0-2: Ball 1-2: SINGLE (Line Drive, 78M, EV 110.6 MPH) Justin Goff scores Josh Dalton to second
|
|
Batting: RHB Jason Birge
|
0-0: SINGLE (Line Drive, 34D, EV 96.2 MPH) Josh Dalton to third Edwin Ramos to second Runner from 3rd tries for Home, SAFE, throw by RF to home
|
|
Batting: RHB Matt Belgard
|
0-0: Ball 1-0: Ball 2-0: Foul Ball, location: 2F 2-1: Foul Ball, location: 2F 2-2: Ball 3-2: Grounds into double play, 4-6-3 (Groundball, 4, EV 98.8 MPH)
|
| Top of the 6th over - 3 runs, 3 hits, 1 error, 1 left on base; Joplin 6 - Palm Beach 5 |
| BOTTOM OF THE 6TH |
|
Palm Beach Nationals batting - Pitching for Joplin Blasters : RHP Bryan Kiefer
|
|
Batting: RHB Scott Merritt
|
0-0: Ball 1-0: Ball 2-0: Foul Ball, location: 2F 2-1: Fly out, F9 (Flyball, 9, EV 88.8 MPH)
|
|
Pinch Hitting: RHB Lamar Thornton
|
0-0: Called Strike 0-1: SINGLE (Groundball, 56D, EV 103.8 MPH)
|
|
Batting: RHB Bobby Bricker
|
0-0: Ball 1-0: Called Strike 1-1: Ball 2-1: Ball 3-1: Base on Balls Lamar Thornton to second
|
|
Batting: RHB Victor Cintron
|
0-0: Called Strike 0-1: Foul Ball, location: 2F 0-2: Ball 1-2: Fly out, F7 (Flyball, 78S, EV 83.8 MPH)
|
|
Batting: LHB Chance McWilliams
|
0-0: Called Strike 0-1: DOUBLE (Groundball, 3L, EV 95.0 MPH) Lamar Thornton scores Bobby Bricker to third
|
|
Batting: RHB Gabe Almazan
|
0-0: Hit by Pitch
|
|
Batting: RHB Chad Madsen
|
0-0: DOUBLE (Line Drive, 78M, EV 99.4 MPH) Bobby Bricker scores Chance McWilliams scores Gabe Almazan to third Runner from 3rd tries for Home, SAFE, throw by CF to trailing runner, SAFE at third!
|
|
Pitching: RHP Justin Potts
|
|
|
Batting: RHB Antonio Vallez
|
0-0: Fly out, F4 (Popup, 34D, EV 55.0 MPH)
|
| Bottom of the 6th over - 4 runs, 3 hits, 0 errors, 1 left on base; Joplin 6 - Palm Beach 9 |
| TOP OF THE 7TH |
|
Joplin Blasters batting - Pitching for Palm Beach Nationals : RHP Kiyonaga Nakamura
|
|
Now in RF: Vince McLane
|
|
|
Batting: RHB Dave Saldana
|
0-0: Called Strike 0-1: Ball 1-1: Ball 2-1: Fly out, F8 (Flyball, 8RD, EV 90.0 MPH)
|
|
Batting: LHB David Bearden
|
0-0: Called Strike 0-1: Ball 1-1: Ball 2-1: Foul Ball, location: 2F 2-2: SINGLE (Line Drive, 8LS, EV 101.9 MPH)
|
|
Batting: SHB Sean Hill
|
0-0: Foul Ball, location: 2F 0-1: Ball 1-1: Ball 2-1: 2-RUN HOME RUN (Flyball, 9D, EV 101.2 MPH), Distance : 407 ft
|
|
Batting: RHB Justin Goff
|
0-0: Ball 1-0: Called Strike 1-1: Called Strike 1-2: Strikes out looking
|
|
Batting: LHB Joe Cozart
|
0-0: Fly out, F8 (Flyball, 78D, EV 98.1 MPH)
|
| Top of the 7th over - 2 runs, 2 hits, 0 errors, 0 left on base; Joplin 8 - Palm Beach 9 |
| BOTTOM OF THE 7TH |
|
Palm Beach Nationals batting - Pitching for Joplin Blasters : RHP Justin Potts
|
|
Batting: RHB Justin Van Houten
|
0-0: Called Strike 0-1: Foul Ball, location: 2F 0-2: Ball 1-2: Strikes out swinging
|
|
Batting: RHB Scott Merritt
|
0-0: Ball 1-0: Foul Ball, location: 2F 1-1: Swinging Strike 1-2: Ground out 4-3 (Groundball, 4, EV 81.2 MPH)
|
|
Batting: LHB Vince McLane
|
0-0: Ground out 4-3 (Groundball, 34D, EV 106.9 MPH)
|
| Bottom of the 7th over - 0 runs, 0 hits, 0 errors, 0 left on base; Joplin 8 - Palm Beach 9 |
| TOP OF THE 8TH |
|
Joplin Blasters batting - Pitching for Palm Beach Nationals : RHP Kiyonaga Nakamura
|
|
Batting: LHB Josh Dalton
|
0-0: Swinging Strike 0-1: Ball 1-1: Foul Ball, location: 2F 1-2: Foul Ball, location: 2F 1-2: Fly out, F7 (Flyball, 78D, EV 93.1 MPH)
|
|
Batting: RHB Edwin Ramos
|
0-0: Called Strike 0-1: SINGLE (Line Drive, 9S, EV 95.0 MPH)
|
|
Batting: RHB Jason Birge
|
0-0: Ball 1-0: Ball 2-0: SINGLE (Line Drive, 9LM, EV 98.1 MPH) Edwin Ramos to second
|
|
Pitching: RHP Jelexiz Cuenca
|
|
|
Batting: RHB Matt Belgard
|
0-0: Called Strike 0-1: Ball 1-1: Ball 2-1: Ball 3-1: Foul Ball, location: 2F 3-2: Foul Ball, location: 2F 3-2: Fly out, F9 (Flyball, 9S, EV 91.2 MPH)
|
|
Batting: RHB Dave Saldana
|
0-0: Foul Ball, location: 2F 0-1: Fly out, F8 (Flyball, 89D, EV 90.0 MPH)
|
| Top of the 8th over - 0 runs, 2 hits, 0 errors, 2 left on base; Joplin 8 - Palm Beach 9 |
| BOTTOM OF THE 8TH |
|
Palm Beach Nationals batting - Pitching for Joplin Blasters : RHP Justin Potts
|
|
Batting: RHB Bobby Bricker
|
0-0: Ball 1-0: Ball 2-0: Fly out, F8 (Flyball, 89M, EV 78.1 MPH)
|
|
Batting: RHB Victor Cintron
|
0-0: Swinging Strike 0-1: Swinging Strike 0-2: Strikes out swinging
|
|
Batting: LHB Chance McWilliams
|
0-0: SINGLE (Line Drive, 34D, EV 96.2 MPH)
|
|
Batting: RHB Gabe Almazan
|
0-0: Ball 1-0: Ball 2-0: Ball 3-0: Called Strike 3-1: Called Strike 3-2: SINGLE (Line Drive, 8RS, EV 93.8 MPH) Chance McWilliams to second Chance McWilliams to third
|
|
Batting: RHB Chad Madsen
|
0-0: Called Strike 0-1: Ball 1-1: Foul Ball, location: 2F 1-2: TRIPLE (Flyball, 9D, EV 79.4 MPH) Chance McWilliams scores Gabe Almazan scores
|
|
Batting: RHB Antonio Vallez
|
0-0: Called Strike 0-1: Ball 1-1: Ground out 6-3 (Groundball, 6, EV 90.0 MPH)
|
| Bottom of the 8th over - 2 runs, 3 hits, 0 errors, 1 left on base; Joplin 8 - Palm Beach 11 |
| TOP OF THE 9TH |
|
Joplin Blasters batting - Pitching for Palm Beach Nationals : RHP Jelexiz Cuenca
|
|
Batting: LHB David Bearden
|
0-0: Fly out, F5 (Popup, 25F, EV 86.2 MPH)
|
|
Batting: SHB Sean Hill
|
0-0: Ball 1-0: Swinging Strike 1-1: Foul Ball, location: 2F 1-2: Ball 2-2: Ball 3-2: Foul Ball, location: 2F 3-2: Base on Balls
|
|
Batting: RHB Justin Goff
|
0-0: Fly out, F8 (Flyball, 8RM, EV 95.0 MPH)
|
|
Batting: LHB Joe Cozart
|
0-0: Called Strike 0-1: Ball 1-1: Ball 2-1: Called Strike 2-2: Foul Ball, location: 2F 2-2: SINGLE (Line Drive, 78S, EV 100.6 MPH) Sean Hill to second
|
|
Batting: LHB Josh Dalton
|
0-0: Called Strike 0-1: Called Strike 0-2: Fly out, F7 (Flyball, 78S, EV 88.1 MPH)
|
| Top of the 9th over - 0 runs, 1 hit, 0 errors, 2 left on base; Joplin 8 - Palm Beach 11 |
|